 Dungeon Crawl Stone Soup version 0.31-a0-675-g238779eb0a (webtiles) character file.

Game seed: 12372010882641062800

2448 qw the Skirmisher (level 9, -1/56 HPs)
             Began as a Gargoyle Hunter on Sept 5, 2023.
             Was a Follower of Okawaru.
             Killed from afar by an electric eel (2 damage)
             ... with a bolt of electricity
             ... on level 7 of the Dungeon.
             The game lasted 00:02:31 (5412 turns).

qw the Skirmisher (Gargoyle Hunter)                 Turns: 5412, Time: 00:02:32

Health: -1/56      AC: 12    Str: 15    XL:     9   Next: 49%
Magic:  12/12      EV: 13    Int: 10    God:    Okawaru [*.....]
Gold:   313        SH:  0    Dex: 17    Spells: 8/8 levels left

rFire   + . .        Y - +2 shortbow (drain)
rCold   . . .        (shield currently unavailable)
rNeg    + . .        f - +1 leather armour {rF+}
rPois   inf          (no helmet)
rElec   +            d - +0 cloak
rCorr   +            (no gloves)
SInv    +            m - +0 pair of boots
Will    .....        (no amulet)
Stlth   +            b - ring of resist corrosion
HPRegen 0.29/turn    h - ring of see invisible
MPRegen 0.13/turn

%: no passive effects
@: very slow
A: sickness immunity, AC +6, negative energy resistance 1, electricity
resistance, torment resistance 1, petrification resistance
a: Renounce Religion, Heroism


You were on level 7 of the Dungeon.
You worshipped Okawaru.
Okawaru was aware of your devotion.
You visited 2 branches of the dungeon, and saw 8 of its levels.

You collected 313 gold pieces.


Innate Abilities, Weirdness & Mutations

You are immune to sickness and miasma.
Your stone body is resilient. (AC +6)
You are immune to poison.
You resist negative energy. (rN+)
You are resistant to electric shocks. (rElec)
You are resistant to unholy torment.
You are immune to petrification.


   Skills:
 + Level 6.9 Fighting
 - Level 10.0 Ranged Weapons
 - Level 2.3 Armour
 - Level 3.3 Dodging
 - Level 1.1 Stealth
 - Level 4.3 Invocations


You had 8 spell levels left.
You didn't know any spells.
Your spell library was empty.

Inventory:

Hand Weapons
 Y - a +2 shortbow of draining (weapon)
Armour
 d - a +0 cloak (worn)
 f - a +1 leather armour of fire resistance (worn)
 m - a +0 pair of boots (worn)
 r - a +1 robe of willpower
Jewellery
 b - a ring of resist corrosion (left hand)
 h - a ring of see invisible (right hand)
 k - a ring of ice
Scrolls
 c - a scroll of amnesia {unknown}
 e - a scroll of identify
Potions
 a - a potion of brilliance {unknown}
 g - a potion of enlightenment
 i - a potion of might {unknown}
 j - a potion of curing
 l - a potion of attraction {unknown}
 n - a potion of resistance {unknown}

Dungeon Overview and Level Annotations

Branches:
Dungeon (7/15)             Temple (1/1) D:4

Altars:
Ashenzari
Cheibriados
Dithmenos
Elyvilon
Fedhas
Gozag
Hepliaklqana
Kikubaaqudgha
Makhleb
Nemelex Xobeh
Okawaru
Qazlal
Ru
Sif Muna
Uskayaw
Wu Jian
Xom
Yredelemnul
Zin
The Shining One

Annotations:
D:3 3 runed translucent doors, qw's ghost, amateur GrHs
D:7 exclusion: 6 dart slugs


Message History

You kill the electric eel!
Okawaru accepts your kill.
You hear a splash.
The electric eel shoots out a bolt of lightning at you!
The bolt of electricity misses you. The bolt of electricity hits you.
You resist.
The bolt of electricity hits the electric eel.
The electric eel completely resists.
The electric eel shoots out a bolt of lightning at you!
The bolt of electricity misses you.
You see here an electric eel corpse.
You shoot an arrow. The arrow hits the electric eel.
The electric eel is moderately wounded.
You shoot an arrow.
The arrow closely misses the electric eel.
You shoot an arrow. The arrow hits the electric eel.
The electric eel is heavily wounded.
The electric eel shoots out a bolt of lightning at you!
The bolt of electricity misses you. The bolt of electricity hits you.
You resist.
The bolt of electricity hits the electric eel.
The electric eel completely resists.
The electric eel shoots out a bolt of lightning at you!
The bolt of electricity hits you. You resist.
You shoot an arrow.
The arrow completely misses the electric eel.
The electric eel shoots out a bolt of lightning at you!
The bolt of electricity hits you but does no damage.
The bolt of electricity hits you. You resist.
The bolt of electricity hits the electric eel.
The electric eel completely resists.
You shoot an arrow. The arrow hits the electric eel.
You drain the electric eel.
You kill the electric eel!
Okawaru accepts your kill.
The electric eel shoots out a bolt of lightning at you!
The bolt of electricity hits you. You resist.
The electric eel shoots out a bolt of lightning at you!
The bolt of electricity hits you. You resist. The bolt of electricity hits you.
You resist.
You die...

.....#.~~~~~~~.##
+#..##~~~~~~~~~~~#####
..#.#~~~~~~[/~~~~~#..#
..##.~~#~~..}#~~~~.#.#
..##~~~~~~~..~#~~~~#.######
..#~~~~~~~~.%#~~~~#~.......
...~~~~~~~...%~~~~~~#......
....~~~~~~.<.~~~~~~.+ .....
.%#~~#~~~~.:$~~S@#~%# ....
..#~#~~~~~~.~~#~~~~~# ...
..##~~~~#~~}~~~#~~~#.......
..##.~~~~~..~.#~~#.#.##....
....#~~~#~.."~~~~~#.(# #
....##~~~~~~~~~~~#####
...####.~~~~~~~.## ....#
...~~.~~##. #....# ..##


You could see an electric eel.

Vanquished Creatures
  Edmund (D:6)
  4 ice beasts
  An orc warrior (D:4)
  3 black bears
  A sky beast (D:6)
  A phantom (D:4)
  2 kobold brigands
  A scorpion (D:4)
  A gnoll sergeant (D:4)
  5 wights (D:6)
  3 electric eels (D:7)
  An orc priest (D:3)
  3 hounds
  3 iguanas (D:5)
  Natasha (thrice) (D:4)
  2 sleepcaps
  Ijyb (D:3)
  5 orc wizards
  12 gnolls
  9 adders
  A shadow imp (D:5)
  3 worms
  7 dart slugs
  14 orcs
  6 bats
  10 endoplasms
  3 giant cockroaches
  6 goblins
  6 hobgoblins
  4 jackals (D:3)
  3 quokkas
  8 ball pythons
  3 frilled lizards
  15 kobolds
  4 rats
155 creatures vanquished.

Vanquished Creatures (others)
  2 dart slugs (D:7)
2 creatures vanquished.

Grand Total: 157 creatures vanquished

Notes
Turn   | Place    | Note
-------+----------+-------------------------------------------
     0 | D:1      | qw the Gargoyle Hunter began the quest for the Orb.
     0 | D:1      | Reached XP level 1. HP: 12/12 MP: 1/1
     0 | D:1      | 0 ||| qw: Version: 0.3-a-75-g829b12e
     0 | D:1      | 0 ||| qw: Game counter: 180
     0 | D:1      | 0 ||| qw: Melee chars always use a shield: true
     0 | D:1      | 0 ||| qw: God list: Okawaru
     0 | D:1      | 0 ||| qw: Allow faded altars: false
     0 | D:1      | 0 ||| qw: Do Orc after clearing Dungeon:15 true
     0 | D:1      | 0 ||| qw: Do second Lair branch before Depths: true
     0 | D:1      | 0 ||| qw: Lair rune preference: random
     0 | D:1      | 0 ||| qw: Goals: Normal
     0 | D:1      | 0 ||| PLANNING D:1-11
   344 | D:1      | Reached XP level 2. HP: 17/17 MP: 2/2
   532 | D:1      | 532 ||| UPGRADING to +0 cloak.
   537 | D:1      | 537 ||| UPGRADING to +0 ring mail.
   547 | D:1      | 547 ||| DROPPING +0 leather armour.
   548 | D:1      | 548 ||| UPGRADING to amulet of guardian spirit.
   553 | D:1      | 553 ||| READING scroll labelled AROM FIJIT.
   554 | D:1      | 554 ||| READING scroll labelled TIYRGH PEWOI.
   558 | D:1      | 558 ||| READING scroll labelled LEIVOU FENUXEB.
   559 | D:1      | 559 ||| DROPPING scroll of butterflies.
   607 | D:2      | Reached skill level 1 in Armour
   615 | D:2      | Reached XP level 3. HP: 15/21 MP: 3/3
   689 | D:2      | Found a shadowy altar of Dithmenos.
  1176 | D:2      | 1176 ||| UPGRADING to +0 pair of boots.
  1181 | D:2      | 1181 ||| UPGRADING to ring of resist corrosion.
  1182 | D:2      | 1182 ||| READING 4 scrolls labelled IHOITEDORGH.
  1183 | D:2      | 1183 ||| READING scroll labelled HUETOONWO.
  1184 | D:2      | 1184 ||| DRINKING 2 blue potions.
  1185 | D:2      | 1185 ||| DROPPING potion of magic.
  1186 | D:2      | 1186 ||| DROPPING 3 scrolls of immolation.
  1227 | D:3      | Reached skill level 5 in Ranged Weapons
  1227 | D:3      | Reached XP level 4. HP: 26/26 MP: 4/4
  1273 | D:3      | Noticed a black bear
  1286 | D:3      | Killed a black bear
  1287 | D:3      | Reached XP level 5. HP: 10/33 MP: 1/5
  1389 | D:3      | Noticed Ijyb
  1412 | D:3      | Killed Ijyb
  1483 | D:3      | 1483 ||| SWAPPING to +2 shortbow of draining.
  1484 | D:3      | 1484 ||| DROPPING +0 shortbow.
  1489 | D:3      | Noticed qw's ghost (amateur GrHs)
  1530 | D:3      | Found an opulent altar of Gozag.
  1630 | D:3      | 1630 ||| Stepping ~*~*~tactically~*~*~ (outnumbered).
  1635 | D:3      | Reached skill level 6 in Ranged Weapons
  1635 | D:3      | Reached XP level 6. HP: 15/38 MP: 2/6
  1739 | D:3      | Found a runed translucent gate.
  1739 | D:3      | Found a runed translucent gate.
  1740 | D:3      | Found a runed translucent gate.
  1902 | D:3      | Found a sparkling altar of Nemelex Xobeh.
  1903 | D:3      | Found a shimmering altar of Xom.
  1905 | D:3      | Found a shadowy altar of Dithmenos.
  2173 | D:3      | 2173 ||| DRINKING 2 orange potions.
  2194 | D:4      | Noticed a black bear
  2202 | D:4      | Killed a black bear
  2203 | D:4      | Reached skill level 7 in Ranged Weapons
  2285 | D:4      | Noticed an orc warrior
  2285 | D:4      | 2285 ||| RETREATING.
  2287 | D:4      | Reached XP level 7. HP: 43/43 MP: 7/7
  2412 | D:4      | Noticed Natasha
  2420 | D:4      | Killed Natasha
  2421 | D:4      | Reached skill level 8 in Ranged Weapons
  2511 | D:4      | Found a staircase to the Ecumenical Temple.
  2512 | D:4      | 2512 ||| PLANNING TEMPLE
  2516 | D:4      | 2516 ||| UPGRADING to +1 robe of willpower.
  2526 | D:4      | 2526 ||| DROPPING amulet of magic regeneration.
  2527 | D:4      | 2527 ||| READING scroll labelled VEM DAEPNAISECA.
  2628 | D:4      | 2628 ||| READING scroll labelled BALITTINED.
  2629 | D:4      | 2629 ||| DRINKING 2 sedimented amethyst potions.
  2636 | D:4      | 2636 ||| DROPPING potion of ambrosia.
  2654 | Temple   | Entered the Ecumenical Temple
  2655 | Temple   | 2655 ||| PLANNING OKAWARU WORSHIP
  2677 | Temple   | Became a worshipper of Warmaster Okawaru
  2678 | Temple   | 2678 ||| PLANNING D:1-11
  2678 | Temple   | 2678 ||| REMOVING amulet of guardian spirit.
  2683 | Temple   | 2683 ||| DROPPING amulet of guardian spirit.
  2755 | D:4      | Noticed Natasha
  2765 | D:4      | Killed Natasha
  2942 | D:4      | Reached XP level 8. HP: 49/49 MP: 8/8
  3189 | D:4      | Noticed Natasha
  3195 | D:4      | Killed Natasha
  3250 | D:4      | 3250 ||| UPGRADING to +1 leather armour of fire resistance.
  3260 | D:4      | 3260 ||| DROPPING +0 ring mail.
  3261 | D:4      | 3261 ||| READING scroll labelled RODDIM CESTA.
  3262 | D:4      | 3262 ||| DRINKING 2 black potions.
  3263 | D:4      | 3263 ||| READING 3 scrolls of identify.
  3263 | D:4      | 3263 ||| IDENTIFYING smoky coppery potion
  3264 | D:4      | 3264 ||| READING 2 scrolls of identify.
  3264 | D:4      | 3264 ||| IDENTIFYING sedimented green potion
  3265 | D:4      | 3265 ||| DROPPING potion of lignification.
  3308 | D:5      | Entered Level 5 of the Dungeon
  3312 | D:5      | 3312 ||| STAIRDANCE
  3343 | D:5      | 3343 ||| STAIRDANCE
  3353 | D:5      | 3353 ||| STAIRDANCE
  3400 | D:5      | 3400 ||| FLEEEEING.
  3403 | D:5      | 3403 ||| FLEEEEING.
  3404 | D:5      | 3404 ||| FLEEEEING.
  3405 | D:5      | 3405 ||| FLEEEEING.
  3406 | D:5      | 3406 ||| FLEEEEING.
  3407 | D:5      | 3407 ||| FLEEEEING.
  3408 | D:5      | 3408 ||| FLEEEEING.
  3409 | D:5      | 3409 ||| FLEEEEING.
  3413 | D:5      | Reached * piety under Okawaru
  3596 | D:5      | Reached skill level 9 in Ranged Weapons
  3602 | D:5      | Identified the +2 trident "Noepopp" {speed, Dex+4}
  3642 | D:5      | Reached skill level 1 in Invocations
  3645 | D:5      | 3645 ||| FLEEEEING.
  4055 | D:5      | Reached skill level 6 in Fighting
  4055 | D:5      | Reached skill level 3 in Invocations
  4120 | D:5      | 4120 ||| INVOKING Heroism.
  4183 | D:5      | 4183 ||| READING scroll labelled WIGOAK AGAS.
  4296 | D:6      | Noticed Edmund
  4297 | D:6      | 4297 ||| INVOKING Heroism.
  4302 | D:6      | Killed Edmund
  4303 | D:6      | Reached XP level 9. HP: 55/55 MP: 8/12
  4524 | D:6      | 4524 ||| FLEEEEING.
  4528 | D:6      | 4528 ||| INVOKING Heroism.
  4537 | D:6      | Reached skill level 10 in Ranged Weapons
  4552 | D:6      | 4552 ||| INVOKING Heroism.
  4556 | D:6      | Reached skill level 3 in Dodging
  4897 | D:6      | Found an ancient bone altar of Kikubaaqudgha.
  5157 | D:6      | 5157 ||| UPGRADING to ring of see invisible.
  5158 | D:6      | 5158 ||| DRINKING 2 fuming emerald potions.
  5159 | D:6      | 5159 ||| DROPPING potion of invisibility.
  5200 | D:7      | 5200 ||| Stepping ~*~*~tactically~*~*~ (outnumbered).
  5201 | D:7      | 5201 ||| Stepping ~*~*~tactically~*~*~ (outnumbered).
  5202 | D:7      | 5202 ||| Stepping ~*~*~tactically~*~*~ (outnumbered).
  5203 | D:7      | 5203 ||| RETREATING.
  5204 | D:7      | 5204 ||| STAIRDANCE
  5243 | D:7      | 5243 ||| Stepping ~*~*~tactically~*~*~ (outnumbered).
  5244 | D:7      | 5244 ||| RETREATING.
  5245 | D:7      | 5245 ||| Stepping ~*~*~tactically~*~*~ (water).
  5257 | D:7      | 5257 ||| Stepping ~*~*~tactically~*~*~ (water).
  5258 | D:7      | 5258 ||| INVOKING Heroism.
  5261 | D:7      | HP: 13/55 [electric eel/bolt of electricity (2)]
  5262 | D:7      | 5262 ||| READING scroll of teleportation.
  5263 | D:7      | 5263 ||| DRINKING potion of heal wounds.
  5386 | D:7      | 5386 ||| Stepping ~*~*~tactically~*~*~ (water).
  5401 | D:7      | HP: 14/56 [electric eel/bolt of electricity (3)]
  5407 | D:7      | HP: 9/56 [electric eel/bolt of electricity (3)]
  5410 | D:7      | HP: 3/56 [electric eel/bolt of electricity (3)]
  5412 | D:7      | HP: 1/56 [electric eel/bolt of electricity (3)]
  5412 | D:7      | Killed from afar by an electric eel

Levels and vault maps discovered:
D:1:      dpeg_arrival_subterranean_lakeside_camping, layout_basic,
          hangedman_decor_clover_reticule
D:2:      layout_basic, basic_altar, minmay_pentomino_p4
D:3:      layout_loops_ring, nicolae_gozag_cash_rules_everything_around_me,
          chequers_temple_overflow_statue_of_worship, gammafunk_ghost_split,
          uniq_ijyb
D:4:      minmay_chambers_of_threes, layout_loops_ring,
          minmay_temple_entry_wispy, minmay_circle_x, uniq_natasha
D:5:      layout_loops_ring
D:6:      layout_cave_pods, general_overflow_altar, uniq_edmund
D:7:      kennysheep_slugbush, layout_basic, nicolae_the_louvre
Temple:   bh_familiar_temple

Skill      XL: |  1  2  3  4  5  6  7  8  9 |
---------------+----------------------------+-----
Armour         | 1 2 |  2.3
Ranged Weapons | 5 6 7 8 9 10 | 10.0
Fighting       | 4 5 6 |  6.9
Dodging        | 2 3 |  3.3
Invocations    | 4 |  4.3
Stealth        | |  1.1

Action                     |  1- 3 |  4- 6 |  7- 9 || total
---------------------------+-------+-------+-------++-------
   Fire: Shortbow          |    63 |   134 |   348 ||   545
 Invoke: Heroism           |       |       |     5 ||     5
    Use: Scroll            |     5 |       |     7 ||    12
         Potion            |     1 |     1 |     4 ||     6
 Armour: Leather armour    |    13 |       |   129 ||   142
         Ring mail         |     8 |    58 |    29 ||    95
         Robe              |       |       |    17 ||    17
  Dodge: Dodged            |    13 |    32 |   143 ||   188

Table legend:
 A = Non-vault XP
 B = Vault XP
 C = Vault XP percentage of total XP
 D = Non-vault monster count
 E = Vault monster count
 F = Vault count percentage of total count
                 A         B        C        D         E       F
            +---------+---------+-------+---------+---------+-------
      Total |    2997 |     501 |  14.3 |     122 |      33 |  21.3
            +---------+---------+-------+---------+---------+-------
        D:1 |       9 |       9 |  50.0 |       6 |       6 |  50.0
        D:2 |      26 |      10 |  27.8 |       7 |       4 |  36.4
        D:3 |     352 |      35 |   9.0 |      30 |       1 |   3.2
        D:4 |     703 |     267 |  27.5 |      33 |      17 |  34.0
        D:5 |     755 |       0 |   0.0 |      19 |       0 |   0.0
        D:6 |     818 |     164 |  16.7 |      21 |       1 |   4.5
        D:7 |     334 |      16 |   4.6 |       6 |       4 |  40.0
            +---------+---------+-------+---------+---------+-------
